 Dungeon Crawl Stone Soup version 0.20.2-3-g29329e0561 (webtiles) character file.

14373 Greenblue the Geomancer (level 12, -7/111 HPs)
             Began as an Ogre Earth Elementalist on Dec 20, 2017.
             Was an Elder of Vehumet.
             Mangled by a five-headed hydra (9 damage)
             ... on level 2 of the Lair of Beasts on July 22, 2020.
             The game lasted 01:09:51 (18285 turns).

Greenblue the Geomancer (Ogre Earth Elementalist)  Turns: 18285, Time: 01:09:53

Health: -7/111     AC:  4    Str: 15    XL:     12   Next: 15%
Magic:  9/26       EV: 10    Int: 23    God:    Vehumet [****..]
Gold:   758        SH:  0    Dex:  9    Spells: 16/31 levels left

rFire    + . .     SeeInvis .   b - +2 dagger (drain)
rCold    x . .     Gourm    .   (no shield)
rNeg     . . .     Faith    .   c - +0 robe
rPois    .         Spirit   .   (helmet restricted)
rElec    .         Reflect  .   u - +0 cloak
rCorr    .         Harm     .   (gloves unavailable)
MR       +....                  (boots unavailable)
Stlth    +.........             (no amulet)
Regen    0.3/turn               T - ring of fire
MPRegen  0.2/turn               D - +3 ring of intelligence

@: no status effects
A: unfitting armour, talons 1, tough skin 1, subdued magic 1
a: Renounce Religion


You were on level 2 of the Lair of Beasts.
You worshipped Vehumet.
Vehumet was greatly pleased with you.
You were not hungry.

You visited 2 branches of the dungeon, and saw 13 of its levels.

You collected 758 gold pieces.

Inventory:

Hand Weapons
 a - a +0 vampiric short sword
 b - a +2 dagger of draining (weapon)
 l - a +4 quarterstaff of chaos
 m - a +1 short sword of speed
 F - a +0 giant spiked club
Missiles
 A - 69 stones (quivered)
Armour
 c - a +0 robe (worn)
 k - +1 storm dragon scales
 u - a +0 cloak (worn)
 V - a +0 pair of gloves
Magical Staves
 O - an uncursed staff of cold
Jewellery
 h - a +2 ring of strength
 x - an uncursed ring of teleportation
 z - an uncursed ring of resist corrosion
 D - a +3 ring of intelligence (right hand)
 J - an uncursed amulet of guardian spirit
 T - a ring of fire (left hand)
Wands
 j - a wand of iceblast (10/15)
 n - a wand of polymorph (3/24)
 v - a wand of random effects (28/48)
 B - a wand of scattershot (5/9)
 G - a wand of confusion (20/48)
 S - a wand of confusion (36/48)
Scrolls
 i - a scroll of teleportation
 o - 3 scrolls of immolation
 t - 2 scrolls of amnesia
 y - 2 scrolls of enchant weapon
 C - 2 scrolls of remove curse
 E - 2 scrolls of recharging
 P - 2 scrolls of magic mapping {unknown}
 R - a scroll of vulnerability {unknown}
 W - a scroll of summoning {unknown}
Potions
 f - a potion of degeneration {unknown}
 g - a potion of might
 q - a potion of invisibility
 s - a potion of mutation {unknown}
 w - a potion of magic {unknown}
 H - 3 potions of agility
 I - 2 potions of lignification {unknown}
 K - a potion of brilliance
 L - a potion of flight
 N - 4 potions of haste
 Q - a potion of curing
 X - a potion of heal wounds
Books
 e - a book of Geomancy

   Spells                             Type                      Level
   a - Sandblast                      Earth                        1
   b - Passwall                       Transmutation/Earth          2
   c - Stone Arrow                    Conjuration/Earth            3
   d - Petrify                        Transmutation/Earth          4
   e - Lee's Rapid Deconstruction     Earth                        5
 M - a book of Callings

   Spells                             Type                      Level
   a - Summon Small Mammal            Summoning                    1
   b - Call Imp                       Summoning                    2
   c - Call Canine Familiar           Summoning                    3
   d - Summon Guardian Golem          Hexes/Summoning              3
   e - Summon Lightning Spire         Summoning/Air                4
   f - Summon Ice Beast               Ice/Summoning                4
Comestibles
 d - 2 bread rations
 p - 5 royal jellies
 r - 6 meat rations
 Y - 11 chunks of flesh


   Skills:
 - Level 5.1 Fighting
 - Level 2.0 Dodging
 - Level 1.4 Stealth
 - Level 10.0 Spellcasting
 - Level 8.0 Conjurations
 + Level 3.1 Transmutations
 + Level 12.7 Earth Magic


You had 16 spell levels left.
You knew the following spells:

 Your Spells              Type           Power        Failure   Level  Hunger
a - Sandblast             Erth           ######       0%          1    None
b - Stone Arrow           Conj/Erth      #####.       1%          3    None
c - Lee's Rapid Deconstr  Erth           ######....   1%          5    ####...
d - Passwall              Tmut/Erth      #####.....   1%          2    None
e - Petrify               Tmut/Erth      #####...     1%          4    #......


Dungeon Overview and Level Annotations

Branches:
Dungeon (11/15)            Temple (0/1) D:6            Lair (2/6) D:9
    Orc (0/2) D:11
  Swamp: Lair:2-4    Shoals: Lair:2-4     Snake: Lair:2-4    Spider: Lair:2-4

Altars:
Ashenzari
Cheibriados
Elyvilon
Fedhas
Hepliaklqana
Kikubaaqudgha
Makhleb
Nemelex Xobeh
Trog
Vehumet
Xom
Yredelemnul
The Shining One

Shops:
D:10 :

Annotations:
D:5 Prince Ribbit
D:8 Hornet
Lair:1 Nergalle


Innate Abilities, Weirdness & Mutations

You are too large for most types of armour.
You have tough skin. (AC +1)
You have sharp toenails.
Your spells are a little easier to cast, but a little less powerful.


Message History

The five-headed hydra is severely wounded.
The five-headed hydra bites you!
The five-headed hydra closely misses you.
The five-headed hydra bites you!
The five-headed hydra closely misses you. x2
The five-headed hydra bites you! x2
* * * LOW HITPOINT WARNING * * *
The five-headed hydra bites you!
* * * LOW HITPOINT WARNING * * *
The five-headed hydra bites you!
* * * LOW HITPOINT WARNING * * *
The five-headed hydra bites you but does no damage.
There is an escape hatch in the ceiling, spattered with blood here.
As you read the scroll of fear, it crumbles to dust.
You assume a fearsome visage.
The five-headed hydra resists with almost no effort.
The five-headed hydra bites you.
* * * LOW HITPOINT WARNING * * *
The five-headed hydra bites you!
You die...

.....# ##..#.##....###
.....P #...##......^..
....>.## #<.8#.#..<..#..
......#.###...###.......#
.......#.##...####....##.
.........###...###.8.## .
..........###.........#..
........D.####...........
........@...P.#.........#
...........รท..##.......##
...............##.....##
...............##..8.#...
.#.............###[#.....
#......................#
##......................
##.....................
............... .....


You could see a five-headed hydra.

Vanquished Creatures
  3 two-headed ogres
  2 spiny frogs (Lair:1)
  A komodo dragon (Lair:1)
  4 hippogriffs
  A wyvern (D:8)
  18 yaks
  A basilisk (Lair:1)
  Grum (D:10)
  A soldier ant (D:8)
  A water moccasin (Lair:1)
  A hornet zombie (D:7)
  3 orc warriors
  6 porcupines
  5 sky beasts
  An ice beast (D:11)
  2 black bears
  A necrophage (D:9)
  2 ogres
  5 centaurs
  7 wolves
  10 crocodiles
  2 big kobolds (D:9)
  12 bullfrogs
  3 scorpions
  19 killer bees
  11 howler monkeys
  7 crimson imps
  7 hounds
  8 orc priests
  2 jellies
  A gnoll shaman (D:9)
  Crazy Yiuf (D:3)
  Jessica (D:2)
  4 iguanas
  Natasha (thrice) (D:2)
  5 orc wizards
  9 worker ants
  A hound skeleton (D:9)
  3 worker ant zombies
  9 gnolls
  18 adders
  4 shadow imps
  An ooze (D:4)
  An adder skeleton (D:6)
  2 adder zombies
  5 worms
  5 leopard geckos
  25 orcs
  6 giant cockroaches
  11 hobgoblins
  5 jackals
  14 kobolds
  2 quokkas
  5 bats
  2 frilled lizards (D:1)
  4 goblins
  3 leopard gecko skeletons
  9 rats
306 creatures vanquished.

Vanquished Creatures (others)
  An orc wizard (D:3)
  6 fungi
  4 plants
11 creatures vanquished.

Grand Total: 317 creatures vanquished

Notes
Turn   | Place    | Note
-------+----------+-------------------------------------------
     0 | D:1      | Greenblue the Ogre Earth Elementalist began the quest for the Orb.
     0 | D:1      | Reached XP level 1. HP: 16/16 MP: 3/3
   437 | D:1      | Reached XP level 2. HP: 24/24 MP: 2/5
   470 | D:1      | Reached skill level 3 in Earth Magic
  1065 | D:2      | Noticed Jessica
  1129 | D:2      | Killed Jessica
  1129 | D:2      | Reached XP level 3. HP: 20/31 MP: 5/8
  1421 | D:2      | Reached XP level 4. HP: 24/39 MP: 7/9
  1602 | D:2      | Learned a level 3 spell: Stone Arrow
  1710 | D:2      | Noticed Natasha
  1720 | D:2      | Killed Natasha
  1757 | D:2      | Reached skill level 1 in Conjurations
  1776 | D:2      | Noticed Natasha
  1780 | D:2      | Killed Natasha
  1780 | D:2      | Reached XP level 5. HP: 40/45 MP: 0/11
  1973 | D:2      | Noticed Natasha
  2300 | D:2      | Killed Natasha
  2300 | D:2      | Reached skill level 4 in Earth Magic
  2856 | D:3      | Reached XP level 6. HP: 53/53 MP: 5/12
  2920 | D:3      | Found a glowing golden altar of the Shining One.
  2921 | D:3      | Found a radiant altar of Vehumet.
  2977 | D:3      | Became a worshipper of Vehumet
  3591 | D:3      | Found a faded altar of an unknown god.
  3873 | D:3      | Found a runed door.
  3887 | D:3      | Noticed Crazy Yiuf
  3897 | D:3      | Killed Crazy Yiuf
  4159 | D:4      | Reached skill level 5 in Earth Magic
  4169 | D:4      | Learned a level 5 spell: Lee's Rapid Deconstruction
  4172 | D:4      | Learned a level 2 spell: Passwall
  4266 | D:4      | Reached skill level 1 in Transmutations
  4266 | D:4      | Reached XP level 7. HP: 50/59 MP: 4/13
  4725 | D:4      | Upgraded the game from 0.20.1-1-g8b1a95d66d to 0.20.2-3-g29329e0561
  5022 | D:5      | Entered Level 5 of the Dungeon
  5250 | D:5      | Reached * piety under Vehumet
  5250 | D:5      | Offered knowledge of Flame Tongue by Vehumet.
  5999 | D:6      | Reached skill level 6 in Earth Magic
  6445 | D:6      | Reached XP level 8. HP: 67/67 MP: 0/14
  6689 | D:6      | Reached skill level 7 in Earth Magic
  7304 | D:6      | Found a staircase to the Ecumenical Temple.
  7448 | D:7      | Learned a level 4 spell: Petrify
  7459 | D:7      | Found a shimmering altar of Xom.
  7551 | D:7      | Noticed Prince Ribbit
  7656 | D:6      | HP: 3/67 [Prince Ribbit (9)]
  8407 | D:7      | Reached skill level 8 in Earth Magic
  8576 | D:7      | Offered knowledge of Searing Ray by Vehumet.
  8672 | D:7      | Found a bloodstained altar of Trog.
  8745 | D:7      | Reached skill level 5 in Spellcasting
  8772 | D:7      | Reached XP level 9. HP: 73/74 MP: 4/16
  8904 | D:7      | Learned a level 2 spell: Searing Ray
  9277 | D:7      | Reached skill level 9 in Earth Magic
  9353 | D:8      | Reached ** piety under Vehumet
  9973 | D:8      | Noticed a hornet
 10276 | D:8      | Reached skill level 10 in Earth Magic
 10310 | D:8      | Found a sparkling altar of Nemelex Xobeh.
 10312 | D:8      | Found a shattered altar of Ashenzari.
 10312 | D:8      | Found an ancient bone altar of Kikubaaqudgha.
 10312 | D:8      | Found a blossoming altar of Fedhas.
 10542 | D:8      | Found a snail-covered altar of Cheibriados.
 10542 | D:8      | Found a basalt altar of Yredelemnul.
 10931 | D:9      | Reached skill level 11 in Earth Magic
 10931 | D:9      | Reached XP level 10. HP: 81/81 MP: 2/17
 11196 | D:9      | Found a burning altar of Makhleb.
 11248 | D:9      | Offered knowledge of Throw Flame by Vehumet.
 11747 | D:9      | Found a staircase to the Lair.
 12010 | D:9      | Reached *** piety under Vehumet
 12471 | D:10     | Entered Level 10 of the Dungeon
 12499 | D:10     | Noticed Grum
 12503 | D:10     | Killed Grum
 12813 | D:10     | Noticed a two-headed ogre
 12821 | D:10     | Killed a two-headed ogre
 12821 | D:10     | Reached skill level 12 in Earth Magic
 13213 | D:10     | Offered knowledge of Force Lance by Vehumet.
 13366 | D:10     | Found Winubium's Book Emporium.
 13395 | D:9      | Reached XP level 11. HP: 19/88 MP: 0/23
 13860 | D:10     | Found a white marble altar of Elyvilon.
 14048 | D:9      | Reached skill level 1 in Fighting
 14425 | D:9      | Noticed a two-headed ogre
 14443 | D:9      | Killed a two-headed ogre
 14837 | D:10     | Gained mutation: You have sharp toenails. [mutagenic meat]
 14838 | D:10     | Gained mutation: Your spells are a little easier to cast, but a little less powerful. [mutagenic meat]
 15267 | D:11     | Found a staircase to the Orcish Mines.
 15273 | D:11     | Noticed a six-headed hydra
 15485 | D:9      | Noticed a two-headed ogre
 15516 | D:9      | Killed a two-headed ogre
 15516 | D:9      | Reached skill level 5 in Fighting
 15516 | D:9      | Reached skill level 10 in Spellcasting
 15758 | Lair:1   | Entered Level 1 of the Lair of Beasts
 15762 | Lair:1   | Found a hazy altar of Hepliaklqana.
 15784 | Lair:1   | Reached skill level 5 in Conjurations
 16447 | D:9      | Noticed an eight-headed hydra
 16568 | D:9      | Reached **** piety under Vehumet
 16765 | Lair:1   | Offered knowledge of Inner Flame by Vehumet.
 17310 | Lair:1   | Noticed an eight-headed hydra
 17338 | Lair:1   | Noticed Nergalle
 17477 | Lair:1   | Reached XP level 12. HP: 111/111 MP: 17/26
 18277 | Lair:2   | Noticed a five-headed hydra
 18285 | Lair:2   | HP: 2/111 [five-headed hydra (5)]
 18285 | Lair:2   | Mangled by a five-headed hydra

Skill      XL: |  1  2  3  4  5  6  7  8  9 10 11 12 |
---------------+-------------------------------------+-----
Earth Magic    | 3 4 5 6 8 11 12 | 12.7
Spellcasting   | 3 4 5 8 10 | 10.0
Conjurations   | 1 2 3 4 7 8 |  8.0
Transmutations | 1 2 3 |  3.1
Fighting       | 5 |  5.1
Dodging        | 2 |  2.0
Stealth        | |  1.4

Action                   |  1- 3 |  4- 6 |  7- 9 | 10-12 || total
-------------------------+-------+-------+-------+-------++-------
Melee: Short sword       |    43 |    25 |       |       ||    68
       Dagger            |       |    99 |   127 |   145 ||   371
       Kick              |       |       |       |    10 ||    10
 Cast: Sandblast         |    24 |     8 |    42 |    44 ||   118
       Stone Arrow       |       |    27 |   124 |   210 ||   361
       Petrify           |       |       |     4 |    11 ||    15
       Lee's Rapid Decon |       |       |     4 |    22 ||    26
       Searing Ray       |       |       |       |     3 ||     3
Evoke: Phantom mirror    |       |       |       |     1 ||     1
  Use: Potion            |       |     1 |     5 |     4 ||    10
       Scroll            |       |     8 |    13 |     7 ||    28
 Stab: Sleeping          |       |     2 |     2 |     1 ||     5
  Eat: Chunk             |     2 |    10 |    18 |    26 ||    56
       Fruit             |       |       |     5 |       ||     5
       Bread ration      |       |       |     2 |     1 ||     3
Armor: Robe              |    17 |    18 |    49 |    57 ||   141
       Storm dragon scal |       |     1 |       |       ||     1
Dodge: Dodged            |    33 |    64 |   134 |   167 ||   398
